 Dungeon Crawl Stone Soup version 0.14.0-12-g87ee3b7 (webtiles) character file.

299 RogerD the Sneak (level 5, -11/50 HPs)
             Began as a Troll Assassin on Apr 16, 2014.
             Killed from afar by an oklob plant (13 damage)
             ... with a splash of acid
             ... on Level 2 of the Dungeon.
             The game lasted 00:26:06 (1561 turns).

RogerD the Sneak (Troll Assassin)                   Turns: 1561, Time: 00:26:06

HP -11/50        AC  5     Str 19      XL: 5   Next: 15%
MP   2/2         EV 10     Int  7      God:
Gold 143         SH  0     Dex 12      Spells:  0 memorised,  4 levels left

rFire  . . .     SeeInvis .     k - +1,+0 hand axe (venom)
rCold  . . .     Clarity  .     c - +0 robe
rNeg   . . .     Conserve .     (shield restricted)
rPois  .         rCorr    .     (helmet restricted)
rElec  .         rRot     .     d - -1 cloak
SustAb . .       Spirit   .     (gloves unavailable)
rMut   .         Warding  .     (boots unavailable)
Gourm  +         Stasis   .     (no amulet)
MR     .....                    (no ring)
                                (no ring)

@: not resistant to hostile enchantments, fairly stealthy
A: unfitting armour, claws 3, fast metabolism 3, gourmand, regeneration 2,
saprovore 2, shaggy fur 1, tough skin 2
a: no special abilities


You were on level 2 of the Dungeon.
You were not hungry.

You visited 1 branch of the dungeon, and saw 2 of its levels.

You collected 143 gold pieces.

Inventory:

Hand weapons
 a - a +2,+2 club
 b - a +0 blowgun
 i - a cursed -2,-1 whip
 k - a +1,+0 hand axe of venom (weapon)
 t - a +4,+2 dagger of distortion
Missiles
 e - 8 poisoned needles
 f - 2 curare-tipped needles
Armour
 c - a +0 robe (worn)
 d - a -1 cloak (worn)
Comestibles
 g - 4 meat rations
 h - 2 cheeses
 j - 5 bread rations
 z - an orange
Scrolls
 n - a scroll of recharging {unknown}
 u - a scroll of identify
 w - a scroll of remove curse {unknown}
 y - a scroll of magic mapping {unknown}
Jewellery
 o - an uncursed ring of ice {unknown}
 p - a cursed ring of hunger {unknown}
Potions
 l - a potion of paralysis
 m - a potion of curing {unknown}
 q - a potion of brilliance {unknown}
 r - 2 potions of restore abilities {unknown}
 s - a potion of confusion {unknown}
 x - 2 potions of haste {unknown}
Books
 v - a book of Conjurations

   Spells                             Type                      Level
   Magic Dart                         Conjuration                  1
   Searing Ray                        Conjuration                  2
   Dazzling Spray                     Conjuration/Hexes            3
   Fulminant Prism                    Conjuration/Hexes            4
   Iskenderun's Mystic Blast          Conjuration                  4
   Iskenderun's Battlesphere          Conjuration/Charms           5


   Skills:
 + Level 2.3 Fighting
 + Level 2.0 Axes
 - Level 2.0 Maces & Flails
 - Level 1.7 Throwing
 + Level 2.1 Dodging
 + Level 3.1 Stealth


You had 4 spell levels left.
You didn't know any spells.

Dungeon Overview and Level Annotations

Branches:
Dungeon (2/15)

Altars:
Fedhas

Annotations:
D:2 exclusion: oklob plant


Innate Abilities, Weirdness & Mutations

You are too large for most types of armour.
You have claws for hands.
Your metabolism is lightning-fast.
You like to eat raw meat.
You heal very quickly.
You can eat rotten meat.
You are covered in fur (AC +1).
You have very tough skin (AC +2).


Message History

You hit the plant but do no damage. You hit the plant.
The plant is lightly damaged.
You hit the plant but do no damage. You hit the plant but do no damage.
The plant is severely damaged.
You hit the plant.
You destroy the plant!
You hit the plant but do no damage.
The plant is almost destroyed.
You hit the plant but do no damage.
The plant is almost destroyed.
Unknown command.
The oklob plant spits acid at you. The splash of acid hits you!
The acid burns!
The oklob plant spits acid at you. The splash of acid hits you!
The acid burns!
The oklob plant spits acid at you. The splash of acid hits you!
The acid corrodes your +0 cloak!
The acid burns!
* * * LOW HITPOINT WARNING * * *
You die... ############# PP#ffPfP..fPf# #P.PfPffP%f.P# f #P.P.#PPf..P.# .P##PfP#PffP#PPP%%.#

P.P#P.......#P.P@ff#
PPf#..≈≈≈≈≈......###
#fP..≈≈≈≈≈≈≈...PPPf#
PP..≈≈≈≈≈≈≈≈≈..##PP#
..≈≈≈≈≈≈≈≈≈≈≈.PPPP#
##.≈≈≈≈...≈≈≈≈.##.f#
.).≈≈≈≈._.......f.P#
##.≈≈≈≈...≈≈≈≈.#Pff#
ff.≈≈≈≈≈≈≈≈≈≈≈.PPfP#


You could see an oklob plant.

Vanquished Creatures
  2 big fish (D:2)
  Ijyb (D:2)
  4 gnolls (D:2)
  A worm (D:2)
  3 giant geckos
  A giant cockroach (D:1)
  5 goblins
  5 hobgoblins
  2 jackals (D:2)
  3 bats (D:1)
  2 giant newts
  7 kobolds
  7 rats
  A fungus (D:2)
  3 plants (D:2)
47 creatures vanquished.

Notes
Turn   | Place    | Note
--------------------------------------------------------------
     0 | D:1      | RogerD, the Troll Assassin, began the quest for the Orb.
     0 | D:1      | Reached XP level 1. HP: 19/19 MP: 1/1
   165 | D:1      | Reached skill level 1 in Dodging
   168 | D:1      | Reached XP level 2. HP: 18/27 MP: 1/1
   834 | D:2      | Reached XP level 3. HP: 26/35 MP: 2/2
   845 | D:2      | Reached skill level 1 in Axes
   863 | D:2      | Reached skill level 3 in Stealth
   912 | D:2      | Noticed Ijyb
   927 | D:2      | Killed Ijyb
   927 | D:2      | Reached XP level 4. HP: 42/42 MP: 2/2
  1384 | D:2      | Found a blossoming altar of Fedhas.
  1438 | D:2      | Reached XP level 5. HP: 31/50 MP: 2/2
  1444 | D:2      | Noticed an oklob plant
  1561 | D:2      | HP: 2/50 [acid (16)]
  1561 | D:2      | Killed from afar by an oklob plant

Action                   |  1- 3 |  4- 6 || total
-------------------------+-------+-------++-------
Melee: Hand axe          |    81 |   164 ||   245
       Club              |     9 |       ||     9
 Fire: Blowgun           |     2 |       ||     2
  Use: Scroll            |     1 |       ||     1
 Stab: Distracted        |       |     1 ||     1
